 Dungeon Crawl Stone Soup version 0.31-a0-221-gbddc013574 (webtiles) character file.

Game seed: 6520693392447390306

345 qw the Chopper (level 6, -3/38 HPs)
             Began as a Gargoyle Fighter on July 3, 2023.
             Slain by Pikel
             ... wielding a +1 whip of electrocution
              (8 damage)
             ... on level 4 of the Dungeon.
             The game lasted 00:01:26 (2620 turns).

qw the Chopper (Gargoyle Fighter)                   Turns: 2620, Time: 00:01:26

Health: -3/38      AC: 15    Str: 22    XL:     6   Next: 58%
Magic:  6/6        EV:  8    Int:  8    God:
Gold:   148        SH:  4    Dex:  9    Spells: 5/5 levels left

rFire   . . .        Y - +0 war axe
rCold   . . .        c - +0 buckler
rNeg    + . .        e - +0 chain mail
rPois   inf          (no helmet)
rElec   +            (no cloak)
rCorr   .            l - +0 pair of gloves
SInv    .            o - +0 pair of boots
Will    .....        (no amulet) Stlth
                     (no ring)
HPRegen 0.26/turn    (no ring)
MPRegen 0.10/turn

%: no passive effects
@: about to teleport
A: sickness immunity, AC +4, negative energy resistance 1, electricity
resistance, torment resistance 1, petrification resistance
a: no special abilities


You were on level 4 of the Dungeon.
You visited 1 branch of the dungeon, and saw 4 of its levels.

You collected 148 gold pieces.


Innate Abilities, Weirdness & Mutations

You are immune to sickness and miasma.
Your stone body is resilient. (AC +4)
You are immune to poison.
You resist negative energy. (rN+)
You are resistant to electric shocks. (rElec)
You are resistant to unholy torment.
You are immune to petrification.


   Skills:
 + Level 3.9 Fighting
 - Level 5.9 Axes
 - Level 3.2 Armour
 - Level 3.2 Shields


You had 5 spell levels left.
You didn't know any spells.
Your spell library was empty.

Inventory:

Hand Weapons
 f - a +0 flail
 Y - a +0 war axe (weapon)
Missiles
 g - 6 boomerangs (quivered)
Armour
 c - a +0 buckler (worn)
 e - a +0 chain mail (worn)
 l - a +0 pair of gloves (worn)
 o - a +0 pair of boots (worn)
Scrolls
 a - a scroll of identify
 j - a scroll of teleportation
 k - a scroll of immolation {unknown}
Potions
 b - a potion of cancellation
 d - a potion of might
 h - a potion of curing {unknown}
 i - a potion of lignification {unknown}
 m - a potion of invisibility {unknown}
 n - a potion of haste {unknown}
 p - a potion of attraction

Dungeon Overview and Level Annotations

Branches:
Dungeon (4/15)
 Temple: D:4-7

Altars:

Annotations:
D:4 Pikel


Message History

Pikel hits you with a +1 whip of electrocution.
The lemure hits you but does no damage.
You barely miss the lemure.
The lemure is moderately wounded.
You closely miss Pikel. Pikel hits you but does no damage.
The lemure barely misses you.
You closely miss the lemure.
The lemure is moderately wounded.
You closely miss Pikel. Pikel hits you but does no damage. The lemure hits you.
Pikel hits you but does no damage. The lemure hits you but does no damage.
You barely miss the lemure.
The lemure is moderately wounded.
You hit Pikel but do no damage. Pikel hits you but does no damage.
The lemure hits you.
You hit the lemure but do no damage.
The lemure is moderately wounded.
You hit Pikel but do no damage. The lemure hits you.
Pikel hits you but does no damage.
You slash the lemure!
The lemure is almost dead.
You closely miss Pikel.
Pikel hits you with a +1 whip of electrocution.
The lemure hits you but does no damage.
2618 ||| READING 2 scrolls of teleportation.
As you read the scroll of teleportation, it crumbles to dust.
You feel strangely unstable. Pikel closely misses you.
The lemure barely misses you.
You slash the lemure!
You kill the lemure!
That felt strangely unrewarding.
You barely miss Pikel.
Pikel says, "You'll make a fine lemure."
Pikel hits you but does no damage.
You completely miss Pikel.
Pikel is lightly wounded.
You closely miss the lemure.
Pikel hits you with a +1 whip of electrocution.
The lemure hits you. The lemure hits you but does no damage.
Pikel hits you with a +1 whip of electrocution!
You die...

## .. #. ######### ## #.
#.......### ... # #.
###.......###...
..#..#5####..###.....##.
.....5K@.....###.....##)
..#########.##.......##.
#.##.#.....#..
#.##.#.....#..
#........###..
####.###...... #.#
######. ####.########.
#...).......#.


You could see Pikel and 2 lemures.

Vanquished Creatures
  Grinder (D:3)
  2 lemures (D:4)
  A hound (D:4)
  An orc priest (D:3)
  An orc wizard (D:3)
  3 worms
  A dart slug (D:4)
  6 orcs (D:3)
  6 endoplasms
  4 giant cockroaches
  6 goblins
  2 hobgoblins
  A quokka (D:2)
  8 ball pythons
  9 bats
  7 frilled lizards
  6 kobolds
  4 rats
69 creatures vanquished.

Notes
Turn   | Place    | Note
-------+----------+-------------------------------------------
     0 | D:1      | qw the Gargoyle Fighter began the quest for the Orb.
     0 | D:1      | Reached XP level 1. HP: 14/14 MP: 1/1
     0 | D:1      | 0 ||| qw: Version: 0.3-a-40-ge99b1a8
     0 | D:1      | 0 ||| qw: Game counter: 550
     0 | D:1      | 0 ||| qw: Melee chars always use a shield: true
     0 | D:1      | 0 ||| qw: God list: Okawaru
     0 | D:1      | 0 ||| qw: Allow faded altars: false
     0 | D:1      | 0 ||| qw: Do Orc after clearing Dungeon:15 true
     0 | D:1      | 0 ||| qw: Do second Lair branch before Depths: true
     0 | D:1      | 0 ||| qw: Lair rune preference: random
     0 | D:1      | 0 ||| qw: Goals: Normal, Zot:1-4, Slime:5, God:TSO, Crypt,
                  | Tomb, Abyss, Pan, Hells, Win
     0 | D:1      | 0 ||| PLANNING D:1-11
    11 | D:1      | 11 ||| Stepping ~*~*~tactically~*~*~ (stealth).
    12 | D:1      | 12 ||| Stepping ~*~*~tactically~*~*~ (stealth).
    40 | D:1      | Reached skill level 2 in Axes
   142 | D:1      | 142 ||| Stepping ~*~*~tactically~*~*~ (stealth).
   226 | D:1      | Reached XP level 2. HP: 19/19 MP: 2/2
   428 | D:1      | 428 ||| Stepping ~*~*~tactically~*~*~ (stealth).
   567 | D:1      | 567 ||| UPGRADING to +0 chain mail.
   577 | D:1      | 577 ||| DROPPING +0 scale mail.
   578 | D:1      | 578 ||| UPGRADING to +0 pair of gloves.
   583 | D:1      | 583 ||| DROPPING ring of wizardry.
   584 | D:1      | 584 ||| READING 2 scrolls labelled JASKAI ACYT.
   585 | D:1      | 585 ||| READING scroll labelled ZYNALA CALERUU.
   586 | D:1      | 586 ||| READING 2 scrolls labelled UWIFACE YTZY.
   703 | D:2      | Reached skill level 3 in Axes
   822 | D:2      | 822 ||| DROPPING +0 club.
   935 | D:2      | Reached XP level 3. HP: 23/23 MP: 3/3
  1129 | D:2      | 1129 ||| Stepping ~*~*~tactically~*~*~ (stealth).
  1461 | D:2      | 1461 ||| READING scroll labelled AKHUPYRIWO.
  1462 | D:2      | 1462 ||| DRINKING 2 orange potions.
  1566 | D:2      | 1566 ||| DROPPING potion of berserk rage.
  1614 | D:3      | 1614 ||| Stepping ~*~*~tactically~*~*~ (hiding).
  1628 | D:3      | Reached skill level 4 in Axes
  1628 | D:3      | Reached XP level 4. HP: 17/28 MP: 4/4
  1662 | D:3      | 1662 ||| FLEEEEING.
  1663 | D:3      | 1663 ||| FLEEEEING.
  1676 | D:3      | 1676 ||| DROPPING +2 whip of venom.
  1709 | D:3      | 1709 ||| FLEEEEING.
  1710 | D:3      | 1710 ||| FLEEEEING.
  1711 | D:3      | 1711 ||| FLEEEEING.
  1712 | D:3      | 1712 ||| FLEEEEING.
  1713 | D:3      | 1713 ||| FLEEEEING.
  1714 | D:3      | 1714 ||| FLEEEEING.
  1750 | D:3      | 1750 ||| FLEEEEING.
  1751 | D:3      | 1751 ||| FLEEEEING.
  1752 | D:3      | 1752 ||| FLEEEEING.
  1753 | D:3      | 1753 ||| STAIRDANCE
  1825 | D:3      | 1825 ||| FLEEEEING.
  1833 | D:3      | 1833 ||| Stepping ~*~*~tactically~*~*~ (hiding).
  1884 | D:3      | Noticed Grinder
  1885 | D:3      | 1885 ||| Stepping ~*~*~tactically~*~*~ (stealth).
  1890 | D:3      | Paralysed by Grinder for 5 turns
  1899 | D:3      | HP: 6/28 [Grinder (5)]
  1900 | D:3      | 1900 ||| READING 2 scrolls of teleportation.
  1901 | D:3      | Paralysed by Grinder for 5 turns
  2026 | D:3      | 2026 ||| Stepping ~*~*~tactically~*~*~ (hiding).
  2027 | D:3      | 2027 ||| Stepping ~*~*~tactically~*~*~ (hiding).
  2036 | D:3      | Killed Grinder
  2037 | D:3      | Reached skill level 5 in Axes
  2037 | D:3      | Reached XP level 5. HP: 18/32 MP: 5/5
  2037 | D:3      | Reached XP level 6. HP: 21/37 MP: 6/6
  2468 | D:3      | 2468 ||| UPGRADING to +0 pair of boots.
  2473 | D:3      | 2473 ||| READING scroll labelled JEMAHUNEGAI.
  2474 | D:3      | 2474 ||| DRINKING 2 purple potions.
  2475 | D:3      | 2475 ||| READING 2 scrolls of identify.
  2475 | D:3      | 2475 ||| IDENTIFYING emerald potion
  2601 | D:4      | Noticed Pikel
  2617 | D:4      | HP: 7/38 [Pikel/+1 whip of electrocution (4)]
  2618 | D:4      | 2618 ||| READING 2 scrolls of teleportation.
  2620 | D:4      | Slain by Pikel

Levels and vault maps discovered:
D:1:      shiori_shiawase, layout_basic
D:2:      layout_loops_corners
D:3:      layout_rooms, uniq_grinder
D:4:      layout_loops_cross, uniq_edmund, uniq_crazy_yiuf_cottage, uniq_pikel

Skill      XL: |  1  2  3  4 |
---------------+-------------+-----
Axes           | 2 3 4 5 |  5.9
Fighting       | |  3.9
Armour         | |  3.2
Shields        | |  3.2

Action                     |  1- 3 |  4- 6 || total
---------------------------+-------+-------++-------
  Melee: War axe           |    94 |   100 ||   194
  Throw: Boomerang         |    13 |    58 ||    71
    Use: Scroll            |     4 |     4 ||     8
         Potion            |     1 |     1 ||     2
 Armour: Scale mail        |    24 |       ||    24
         Chain mail        |    44 |    83 ||   127
  Dodge: Dodged            |    34 |    40 ||    74
  Block: Buckler           |    18 |    12 ||    30

Table legend:
 A = Non-vault XP
 B = Vault XP
 C = Vault XP percentage of total XP
 D = Non-vault monster count
 E = Vault monster count
 F = Vault count percentage of total count
                 A         B        C        D         E       F
            +---------+---------+-------+---------+---------+-------
      Total |     236 |     258 |  52.2 |      66 |       1 |   1.5
            +---------+---------+-------+---------+---------+-------
        D:1 |      27 |       0 |   0.0 |      18 |       0 |   0.0
        D:2 |      29 |       0 |   0.0 |      17 |       0 |   0.0
        D:3 |     129 |     258 |  66.7 |      27 |       1 |   3.6
        D:4 |      51 |       0 |   0.0 |       4 |       0 |   0.0
            +---------+---------+-------+---------+---------+-------
